 Dungeon Crawl Stone Soup version 0.30-a0-916-g9813417 (webtiles) character file.

Game seed: 13428043725722518344

267 Dorkslayer the Shield-Bearer (level 6, -4/38 HPs)
             Began as a Gargoyle Fighter on Apr 16, 2023.
             Was an Initiate of Gozag.
             Killed by divine providence
             ... invoked by an orc priest
              (12 damage)
             ... on level 4 of the Dungeon.
             The game lasted 00:09:48 (2521 turns).

Dorkslayer the Shield-Bearer (Gargoyle Fighter)     Turns: 2521, Time: 00:09:48

Health: -4/38      AC: 20    Str: 20    XL:     6   Next: 21%
Magic:  6/6        EV:  6    Int:  8    God:    Gozag
Gold:   203        SH:  4    Dex: 11    Spells: 5/5 levels left

rFire   . . .      SeeInvis .    a - +0 war axe
rCold   . . .      Faith    .    c - +0 buckler
rNeg    + . .      Spirit   .    m - +1 plate armour
rPois   ∞          Reflect  .    (no helmet)
rElec   +          Rampage  .    (no cloak)
rCorr   .                        f - +2 pair of gloves
Will    .....                    (no boots) Stlth
                                 (no amulet)
HPRegen 0.26/turn                (no ring)
MPRegen 0.10/turn                (no ring)

@: no status effects
A: sickness immunity, AC +4, negative energy resistance 1, electricity
resistance, torment resistance 1, petrification resistance
a: Renounce Religion, Potion Petition, Call Merchant, Bribe Branch


You were on level 4 of the Dungeon.
You worshipped Gozag.
Gozag was aware of your devotion.
You visited 1 branch of the dungeon, and saw 4 of its levels.

You collected 257 gold pieces.
You paid 54 gold pieces to Gozag.

Inventory:

Hand Weapons
 a - a +0 war axe (weapon)
Armour
 c - a +0 buckler (worn)
 f - a +2 pair of gloves (worn)
 m - a +1 plate armour (worn)
Scrolls
 b - 3 scrolls of vulnerability {unknown}
 k - a scroll of enchant armour
 q - a scroll of noise {unknown}
Potions
 e - a potion of curing
 p - a potion of brilliance {unknown}


   Skills:
 + Level 4.1 Fighting
 + Level 2.8 Axes
 + Level 4.2 Armour
 * Level 2.6 Dodging
 + Level 4.2 Shields


You had 5 spell levels left.
You didn't know any spells.
Your spell library contained the following spells:

 Spells                   Type           Power      Damage    Failure   Level
 Freeze                   Ice            0%         1d3       100%        1
 Frozen Ramparts          Ice            0%         1d1       100%        3
 Hailstorm                Conj/Ice       0%         3d3       100%        3


Dungeon Overview and Level Annotations

Branches:
Dungeon (4/15)
 Temple: D:4-7

Altars:
Elyvilon
Gozag


Innate Abilities, Weirdness & Mutations

You are immune to sickness and miasma.
Your stone body is resilient. (AC +4)
You are immune to poison.
You resist negative energy. (rN+)
You are resistant to electric shocks. (rElec)
You are resistant to unholy torment.
You are immune to petrification.


Message History

The orc priest mumbles some strange prayers to Beogh against you.
Beogh smites you!
* * * LOW HITPOINT WARNING * * *
The orc hits you but does no damage.
You feel much better.
The orc hits you with a +2 mace of protection.
You barely miss the orc. The orc barely misses you.
The orc hits you but does no damage.
You closely miss the orc. The orc hits you but does no damage.
You hit the orc.
The orc is moderately wounded.
The orc barely misses you.
You closely miss the orc.
The orc is moderately wounded.
The orc priest mumbles some strange prayers to Beogh against you.
Beogh smites you! The orc hits you but does no damage.
You block the orc's attack.
You barely miss the orc.
The orc is lightly wounded.
The orc hits you with a +2 mace of protection.
You hit the orc.
The orc is moderately wounded.
You block the orc's attack. The orc hits you but does no damage.
You closely miss the orc.
The orc is moderately wounded.
You block the orc's attack.
You feel better. The orc hits you but does no damage.
You completely miss the orc.
The orc is moderately wounded.
The orc hits you with a +2 mace of protection.
You hit the orc.
The orc is moderately wounded.
The orc priest invokes the aid of Beogh against you.
Beogh smites you!
* * * LOW HITPOINT WARNING * * *
The orc hits you but does no damage.
The orc priest mumbles some strange prayers to Beogh against you.
Beogh smites you!
You die...
Your body crumbles into a pile of gold.

**,*,,,,......(,#..,,,,,,,,,,*,*
*,*,***#......,#.#*********,*,*
*,*,*<*#......,#.# *,*,*
*,*,*,,.......,#.# *,*,*
*,,,,,,.......,#.# *,*,*
*,,,,,,.......##.#######***,*,*
*,,,,,,.......o.........,,,,,,*
*,,,,,,,######o#)######****,***
*,,,,,,,* #@#.#...,,,,,,,*
*,*,***** #.#.#.####***,,* *,*,*
#.#......# *,,* *,*,*
#.#.#.##.####,,* *,*,*
#.#.........#,,* *,*,*
#.#.#.#....#*,,* *,*,*
#.#.#.#..####,,* *,,,*
#.#.#.......#,,* *****
#.#.........#,,*


You could see an orc priest and an orc.

Vanquished Creatures
  The ghost of ChinnyChinChin the Sneak, an amateur SpVM (D:3)
  A scorpion (D:4)
  A hound (D:3)
  2 adders
  A worm (D:2)
  4 dart slugs
  9 orcs
  6 endoplasms
  4 giant cockroaches (D:1)
  4 goblins
  8 hobgoblins
  4 jackals (D:3)
  5 quokkas
  8 ball pythons
  6 bats
  3 frilled lizards
  7 kobolds
  2 rats
76 creatures vanquished.

Vanquished Creatures (others)
  A plant (D:3)
1 creature vanquished.

Grand Total: 77 creatures vanquished

Notes
Turn   | Place    | Note
-------+----------+-------------------------------------------
     0 | D:1      | Dorkslayer the Gargoyle Fighter began the quest for the
                  | Orb.
     0 | D:1      | Reached XP level 1. HP: 14/14 MP: 1/1
   225 | D:1      | Reached XP level 2. HP: 19/19 MP: 2/2
   451 | D:1      | Reached skill level 1 in Dodging
   601 | D:1      | Reached XP level 3. HP: 23/23 MP: 3/3
   983 | D:2      | Found a faded altar of an unknown god.
  1159 | D:2      | Reached XP level 4. HP: 28/28 MP: 4/4
  1607 | D:3      | Found a runed translucent gate.
  1607 | D:3      | Found a runed translucent gate.
  1607 | D:3      | Found a runed translucent gate.
  2033 | D:3      | Found an opulent altar of Gozag.
  2036 | D:3      | Noticed ChinnyChinChin's ghost (amateur SpVM)
  2043 | D:3      | Reached XP level 5. HP: 33/33 MP: 5/5
  2054 | D:3      | Killed ChinnyChinChin's ghost
  2059 | D:3      | Became a worshipper of Gozag Ym Sagoz the Greedy
  2337 | D:4      | Found a white marble altar of Elyvilon.
  2510 | D:4      | Reached XP level 6. HP: 20/38 MP: 6/6
  2521 | D:4      | Killed from afar by an orc priest

Illustrated notes

Levels and vault maps discovered:
D:1:      evilmike_arrival_rings, layout_basic
D:2:      layout_loops_ring, hellmonk_ecumenical_altar_zigzags
D:3:      layout_rooms, ebering_ghost_gozag, serial_forest,
          infiniplex_forest_corner_1, infiniplex_forest_straight_3,
          infiniplex_forest_end_1, infiniplex_forest_lined_room_3,
          infiniplex_forest_clump_long, infiniplex_forest_lined_4_way,
          infiniplex_forest_join, infiniplex_forest_lined_3
D:4:      layout_basic, mainiacjoe_overflow_cross_hatched

Skill      XL: |  1  2  3  4  5 |
---------------+----------------+-----
Axes           | 2 |  2.8
Dodging        | 1 2 |  2.6
Shields        | 4 |  4.2
Fighting       | 4 |  4.1
Armour         | 4 |  4.2

Action                     |  1- 3 |  4- 6 || total
---------------------------+-------+-------++-------
  Melee: War axe           |   113 |   134 ||   247
    Use: Potion            |       |     3 ||     3
         Scroll            |       |     9 ||     9
 Armour: Scale mail        |    33 |       ||    33
         Plate armour      |    75 |   100 ||   175
  Dodge: Dodged            |    41 |    49 ||    90
  Block: Buckler           |    28 |    39 ||    67

Table legend: (Time is in decaauts)
 A = Elapsed time spent in this place.
 B = Non-inter-level travel time spent in this place.
 C = Inter-level travel time spent in this place.
 D = Time resting spent in this place.
 E = Time spent auto-exploring this place.
 F = Levels seen in this place.
 G = Mean time per level.
                   A        B        C        D        E       F      G
               +--------+--------+--------+--------+--------+-----+--------+
         Total |   2624 |   2624 |      0 |      0 |   1147 |   4 |  656.0 |
       Dungeon |   2624 |   2624 |      0 |      0 |   1147 |   4 |  656.0 |
               +--------+--------+--------+--------+--------+-----+--------+

Top non-repeatable levels by time:
     D:1: 909 daAuts
     D:3: 763 daAuts
     D:2: 703 daAuts
     D:4: 248 daAuts
